 Dungeon Crawl Stone Soup version 0.21-a0-228-g14ccbf3 (webtiles) character file.

18195 KristoblXynda the Blocker (level 12, -1/96 HPs)
             Began as a Green Draconian Fighter on Aug 31, 2017.
             Was a Believer of Ashenzari.
             Slain by a cyclops (17 damage)
             ... on level 12 of the Dungeon.
             The game lasted 00:42:49 (17573 turns).

KristoblXynda the Blocker (DrFi)                   Turns: 17573, Time: 00:42:50

Health: -1/96      AC: 15    Str: 26    XL:     12   Next: 25%
Magic:  18/18      EV: 14    Int: 11    God:    Ashenzari [**....]
Gold:   10         SH: 13    Dex: 16    Spells: 18/20 levels left

rFire    . . .     SeeInvis .   a - +0 demon blade (pain)
rCold    . . .     Gourm    .   b - +0 shield
rNeg     . . .     Faith    .   (armour unavailable)
rPois    +         Spirit   .   c - +2 hat (curse)
rElec    .         Reflect  .   o - +1 cloak
rCorr    .         Harm     .   (no gloves)
MR       .....                  n - +2 pair of boots of Pugawel {*Drain Str+2 Dex+4} (curse)
Stlth    ++........             z - amulet of regeneration (curse)
HPRegen  0.66/turn              j - ring of stealth (curse)
MPRegen  0.16/turn              u - +2 ring of dexterity (curse)

@: short of breath, heavily drained
A: breathe noxious fumes, unfitting armour, hooves 1, clever 1, poison
resistance, cold-blooded, AC +8
a: Breathe Noxious Fumes, Curse Item, Scrying, Renounce Religion


You were on level 12 of the Dungeon.
You worshipped Ashenzari.
Ashenzari was pleased with you.
You were not hungry.

You visited 3 branches of the dungeon, and saw 15 of its levels.

You collected 774 gold pieces.
You spent 764 gold pieces at shops.

Inventory:

Hand Weapons
 a - a +0 demon blade of pain (weapon)
 f - a +1 scimitar
Armour
 b - a +0 shield (worn)
 c - a cursed +2 hat (worn)
 n - the cursed +2 pair of boots of Pugawel (worn) {*Drain Str+2 Dex+4}
   (You found it on level 10 of the Dungeon)

   It affects your strength (+2).
   It affects your dexterity (+4).
   It causes draining when unequipped.
   It has a curse placed upon it.
 o - a +1 cloak (worn)
 G - a +1 pair of boots of flying
Jewellery
 g - an uncursed ring of protection from cold
 j - a cursed ring of stealth (left hand)
 u - a cursed +2 ring of dexterity (right hand)
 z - a cursed amulet of regeneration (around neck)
 H - an uncursed ring of resist corrosion
Wands
 h - a wand of disintegration (1/24)
 l - a wand of scattershot (6/9)
 q - a wand of acid (0/15)
 v - a wand of paralysis (7/24)
Scrolls
 e - 2 scrolls of magic mapping
 w - a scroll of fog
 A - a scroll of fear
 E - a scroll of immolation
Potions
 p - 3 potions of mutation
 r - 2 potions of resistance
Books
 y - a book of Minor Magic

   Spells                             Type                      Level
   a - Magic Dart                     Conjuration                  1
   b - Blink                          Translocation                2
   c - Call Imp                       Summoning                    2
   d - Slow                           Hexes                        2
   e - Conjure Flame                  Conjuration/Fire             3
   f - Mephitic Cloud                 Conjuration/Poison/Air       3
 D - a book of Power

   Spells                             Type                      Level
   a - Iskenderun's Battlesphere      Conjuration/Charms           5
   b - Venom Bolt                     Conjuration/Poison           5
   c - Bolt of Magma                  Conjuration/Fire/Earth       5
   d - Iron Shot                      Conjuration/Earth            6
   e - Orb of Destruction             Conjuration                  7
   f - Spellforged Servitor           Conjuration/Summoning        7
Comestibles
 d - 5 bread rations
 i - 9 royal jellies
 k - 3 meat rations


   Skills:
 - Level 6.0(4.4) Fighting
 + Level 11.6(9.8) Long Blades
 - Level 6.3(4.7) Dodging
 + Level 11.7(9.9) Shields
 + Level 4.5(3.0) Spellcasting
 + Level 3.5(4.0) Translocations
 - Level 7.0(7.6) Evocations


You had 18 spell levels left.
You knew the following spells:

 Your Spells              Type           Power        Failure   Level  Hunger
a - Blink                 Tloc           N/A          14%         2    ###....


Dungeon Overview and Level Annotations

Branches:
Dungeon (13/15)            Temple (1/1) D:5            Lair (0/6) D:10
    Orc (1/2) D:9
 Vaults: D:13-14

Altars:
Ashenzari
Cheibriados
Dithmenos
Elyvilon
Fedhas
Gozag
Hepliaklqana
Kikubaaqudgha
Makhleb
Nemelex Xobeh
Okawaru
Qazlal
Ru
Sif Muna
Trog
Uskayaw
Vehumet
Wu Jian
Xom
Yredelemnul
Zin
The Shining One

Shops:
D:5 [   D:6 *:!(%   D:7 =   D:12 ((

Annotations:
D:12 Frances, Josephine
Orc:1 Fannar


Innate Abilities, Weirdness & Mutations

You can breathe blasts of noxious fumes.
Your lurid green scales are hard. (AC +8)
You cannot fit into any form of body armour.
Your system is resistant to poisons. (rPois)
You are cold-blooded and may be slowed by cold attacks.
You have large cloven feet.
Your mind is acute. (Int +2)


Message History

There is an open door here.
It was a potion of magic.
Magic courses through your body.
Josephine mumbles something.
You eat one of the 10 royal jellies.
That royal jelly was delicious!
You block the wraith's attack.
Josephine asks, "Where am I?"
You slash the wraith!
The wraith is severely damaged.
The wraith closely misses you.
You closely miss the wraith.
Your tail-slap misses the wraith.
The wraith is severely damaged.
The wraith hits you but does no damage.
You slash the wraith!
You destroy the wraith!
The cyclops throws a large rock.
The large rock hits you!!
* * * LOW HITPOINT WARNING * * *
Unknown command.
Okay, then.
The cyclops hits you!
You die...

#.....## ######......##
##..#
.......####........W..##
##..
........#..............##
#..
.............)...####...##
##..
...#.....C........####...##
##... .#####...........@.#
##...###...# .#
###...........##
##.......## .#
##......#C#..# ##......# .#
#......#@#..### #.....## [#
##.....#(#....####....# .#
##........#...##.....## .#
##.......##..........## .#
##...#####...........# .#
##...## ##........... .##
##...####...[..###..
..###### ##...........##
##. .......###
##..........# #.


You could see Josephine and a cyclops.

Vanquished Creatures
  Gastronok (D:12)
  4 two-headed ogres
  Nergalle (Orc:1)
  Sonja (D:11)
  2 unseen horrors
  A wolf spider (D:13)
  An elephant (D:10)
  A manticore (D:12)
  A cyclops (D:12)
  Maurice (D:8)
  Psyche (D:8)
  4 trolls
  A slime creature (D:11)
  8 wraiths
  A wyvern (D:10)
  11 yaks
  Eustachio (D:6)
  A basilisk (D:10)
  4 vampire mosquitoes (D:10)
  2 hungry ghosts
  A warg (Orc:1)
  2 water moccasins
  Duvessa (D:4)
  5 orc warriors
  2 ice beasts
  A sky beast (D:8)
  A phantom (D:6)
  4 ogres
  2 necrophages (D:11)
  7 centaurs
  2 crocodiles (D:10)
  2 big kobolds
  4 bullfrogs
  Dowan (D:4)
  A water moccasin zombie (D:8)
  A water moccasin skeleton (D:8)
  4 scorpions
  6 killer bees (D:8)
  5 wights (D:9)
  A howler monkey (D:10)
  2 centaur zombies
  A gnoll shaman (D:4)
  9 orc priests
  9 hounds
  4 jellies
  4 orc wizards
  3 bullfrog skeletons
  Ijyb (D:4)
  3 iguanas
  4 worker ants
  A hound zombie (D:8)
  9 gnolls
  13 adders
  3 shadow imps
  5 oozes (D:11)
  An adder skeleton (D:8)
  2 worms (D:2)
  6 dart slugs
  3 leopard geckos
  23 orcs
  2 ball pythons
  4 bats
  5 giant cockroaches
  6 goblins
  4 hobgoblins
  4 jackals
  4 quokkas
  3 frilled lizards (D:1)
  A jackal skeleton (D:4)
  15 kobolds
  A quokka skeleton (D:7)
  3 rats (D:1)
259 creatures vanquished.

Vanquished Creatures (others)
  A rat (D:2)
1 creature vanquished.

Grand Total: 260 creatures vanquished

Notes
Turn   | Place    | Note
-------+----------+-------------------------------------------
     0 | D:1      | KristoblXynda the Draconian Fighter began the quest for the Orb.
     0 | D:1      | Reached XP level 1. HP: 19/19 MP: 1/1
   163 | D:1      | Reached XP level 2. HP: 11/26 MP: 2/2
   515 | D:1      | Reached XP level 3. HP: 24/31 MP: 3/3
   808 | D:2      | Found a glowing golden altar of the Shining One.
   810 | D:2      | Found an ancient bone altar of Kikubaaqudgha.
   810 | D:2      | Found an ancient bone altar of Kikubaaqudgha.
   812 | D:2      | Found a glowing silver altar of Zin.
   812 | D:2      | Found a shimmering altar of Xom.
   812 | D:2      | Found a burning altar of Makhleb.
  1089 | D:2      | Found a blossoming altar of Fedhas.
  1158 | D:2      | Reached XP level 4. HP: 21/38 MP: 4/4
  2949 | D:4      | Noticed Ijyb
  2949 | D:4      | Noticed Duvessa
  2949 | D:4      | Noticed Dowan
  2964 | D:3      | Reached XP level 5. HP: 21/45 MP: 5/5
  3541 | D:4      | Killed Duvessa
  3541 | D:4      | Reached XP level 6. HP: 27/51 MP: 6/6
  3549 | D:4      | Killed Dowan
  3997 | D:4      | Killed Ijyb
  4433 | D:4      | Reached skill level 5 in Shields
  4469 | D:4      | Your scales start taking on a lurid green colour.
  4469 | D:4      | Reached XP level 7. HP: 24/57 MP: 7/7
  4469 | D:4      | Gained mutation: Your system is resistant to poisons. (rPois) [Green Draconian growth]
  4487 | D:4      | Reached skill level 5 in Dodging
  4678 | D:4      | Found a shadowy altar of Dithmenos.
  4886 | D:5      | Entered Level 5 of the Dungeon
  5066 | D:5      | Found Dixtucy's Armour Emporium.
  5074 | D:5      | Bought a +2 hat for 224 gold pieces
  5121 | D:5      | Reached skill level 5 in Long Blades
  5177 | D:5      | Found a glowing silver altar of Zin.
  5218 | D:5      | Found a hazy altar of Hepliaklqana.
  5430 | D:5      | Found a staircase to the Ecumenical Temple.
  5439 | Temple   | Entered the Ecumenical Temple
  5483 | Temple   | Became a worshipper of Ashenzari the Shackled
  5849 | D:6      | Found Camm's Elemental Accessories.
  5983 | D:6      | Found Ubichaus's Book Shoppe.
  6117 | D:6      | Reached XP level 8. HP: 59/63 MP: 8/8
  6177 | D:6      | Found Kostras's Food Boutique.
  6185 | D:6      | Found Rizismu's Distillery.
  6363 | D:6      | Found Oluggosa's Antique Weapon Shoppe.
  6445 | D:6      | Noticed Eustachio
  6519 | D:6      | Killed Eustachio
  6924 | D:7      | Found an opulent altar of Gozag.
  7010 | D:7      | Reached skill level 1 in Evocations
  7456 | D:7      | Found Geor's Jewellery Shop.
  7619 | D:8      | Reached XP level 9. HP: 34/70 MP: 4/10
  7643 | D:8      | HP: 1/70 [orc priest/divine providence (7)]
  7977 | D:8      | Noticed Psyche
  7994 | D:8      | Reached * piety under Ashenzari
  8723 | D:8      | Noticed Maurice
  8800 | D:8      | Killed Maurice
  9117 | D:8      | Killed Psyche
  9117 | D:8      | Reached skill level 5 in Evocations
  9252 | D:9      | Reached XP level 10. HP: 31/77 MP: 7/14
  9461 | D:9      | Learned a level 2 spell: Blink
  9713 | D:9      | Found a white marble altar of Elyvilon.
  9721 | D:9      | Found a snail-covered altar of Cheibriados.
  9722 | D:9      | Found an ancient bone altar of Kikubaaqudgha.
  9723 | D:9      | Found a glowing golden altar of the Shining One.
  9724 | D:9      | Found an iron altar of Okawaru.
  9853 | D:9      | Found a staircase to the Orcish Mines.
 10917 | Orc:1    | Entered Level 1 of the Orcish Mines
 10942 | Orc:1    | Noticed Nergalle
 10954 | Orc:1    | Noticed a spectral orc warlord
 11356 | Orc:1    | Killed Nergalle
 11474 | Orc:1    | Noticed an orc warlord
 11475 | Orc:1    | Noticed Fannar
 11546 | D:10     | Entered Level 10 of the Dungeon
 12053 | D:10     | Noticed a two-headed ogre
 12098 | D:10     | Killed a two-headed ogre
 12098 | D:10     | Reached skill level 10 in Shields
 12457 | D:10     | Reached skill level 10 in Long Blades
 12467 | D:10     | Noticed an elephant
 12493 | D:10     | Killed an elephant
 12671 | D:10     | Reached XP level 11. HP: 61/85 MP: 16/16
 13046 | D:10     | Gained mutation: You are occasionally teleported next to monsters. [potion of mutation]
 13046 | D:10     | Gained mutation: Your body sometimes deteriorates upon taking damage. [potion of mutation]
 13046 | D:10     | Gained mutation: You have sharp toenails. [potion of mutation]
 13047 | D:10     | Lost mutation: Your body sometimes deteriorates upon taking damage. [potion of mutation]
 13047 | D:10     | Lost mutation: You are occasionally teleported next to monsters. [potion of mutation]
 13047 | D:10     | Lost mutation: You have sharp toenails. [potion of mutation]
 13047 | D:10     | Gained mutation: You have large cloven feet. [potion of mutation]
 13047 | D:10     | Gained mutation: Your mind is acute. (Int +2) [potion of mutation]
 13095 | D:10     | Reached skill level 5 in Fighting
 13329 | D:10     | Reached ** piety under Ashenzari
 13387 | D:10     | Noticed a two-headed ogre
 13400 | D:10     | Killed a two-headed ogre
 13483 | D:10     | Found a staircase to the Lair.
 13552 | D:10     | Got the uncursed pair of boots of Pugawel {*Drain Str+2 Dex+4}
 13563 | D:10     | Identified the +2 pair of boots of Pugawel {*Drain Str+2 Dex+4} (You found it on level 10 of the Dungeon)
 13679 | D:10     | Killed an unseen horror
 13890 | D:11     | Identified the +2 helmet of Prudence {*Contam Dex+4 Stlth+}
 14219 | D:11     | Noticed Sonja
 14240 | D:11     | Killed Sonja
 14240 | D:11     | Reached skill level 1 in Spellcasting
 14518 | D:11     | Killed an unseen horror
 15208 | D:12     | Found Mioderr's Weapon Boutique.
 15649 | Orc:1    | Noticed an orc warlord
 15832 | D:12     | Noticed a two-headed ogre
 15854 | D:12     | Killed a two-headed ogre
 15854 | D:12     | Reached skill level 1 in Translocations
 15861 | D:12     | Found Xecoomaf's Weapon Shop.
 16064 | D:12     | Noticed Josephine
 16067 | D:12     | Noticed Frances
 16125 | D:13     | Noticed a two-headed ogre
 16153 | D:13     | Killed a two-headed ogre
 16300 | D:13     | Noticed a centaur warrior
 16557 | D:13     | Noticed a wolf spider
 16573 | D:13     | Killed a wolf spider
 16645 | D:13     | Reached XP level 12. HP: 95/96 MP: 17/17
 16911 | D:6      | Bought a glowing demon blade for 540 gold pieces
 17207 | D:12     | Noticed Gastronok
 17230 | D:12     | Killed Gastronok
 17573 | D:12     | Slain by a cyclops

Vault maps used:
D:1:      lightli_arrival_boilingwater, hex_medium
D:2:      fedhas_altar_1, doesnt_xom_only_xom, first_bread
D:4:      minmay_misc_feat_roman, grunt_dithmenos_shadows, uniq_ijyb,
          uniq_duvessa
D:5:      lemuel_coloured_pillars_altar, kennysheep_mini, temple_hall,
          serial_shops, shop
D:6:      serial_shops, nicolae_shop_crystal, shop, kennysheep_little_box,
          nicolae_shop_overgrown_old_shop, nicolae_elemental_shop,
          uniq_eustachio
D:7:      serial_shops, shop, nicolae_gozag_seed_capital
D:8:      uniq_maurice, uniq_psyche
D:9:      minitemple, orc_0_dummy
D:10:     david_lair_generic
D:11:     hangedman_little_slice_of_home, grunt_ministairs_9, uniq_sonja
D:12:     serial_shops, nicolae_shop_behind_doors, kennysheep_mini_moat,
          uniq_josephine, uniq_frances, uniq_gastronok
D:13:     basic_altar, roderic_serpentine_path, minivault_25_ag, hive_lemuel
Temple:   nicolae_temple_god_jail
Orc:1:    abandoned_shop, uniq_erolcha, uniq_nergalle, uniq_fannar

Skill      XL: |  1  2  3  4  5  6  7  8  9 10 11 12 |
---------------+-------------------------------------+-----
Dodging        | 3 4 5 6 |  6.3
Long Blades    | 3 4 5 7 8 10 11 | 11.6
Shields        | 4 5 6 7 8 10 11 | 11.7
Evocations     | 2 5 7 |  7.0
Fighting       | 4 6 |  6.0
Spellcasting   | 3 4 |  4.5
Translocations | 2 3 |  3.5

Action                   |  1- 3 |  4- 6 |  7- 9 | 10-12 || total
-------------------------+-------+-------+-------+-------++-------
Melee: Long sword        |   110 |   151 |   442 |   722 ||  1425
       Tailslap          |     9 |    23 |    88 |   181 ||   301
       Unarmed           |       |       |     6 |       ||     6
       Scimitar          |       |       |       |    15 ||    15
       Demon blade       |       |       |       |    89 ||    89
Invok: Curse Item        |       |       |     2 |     3 ||     5
 Abil: Breathe Noxious F |       |       |     7 |    28 ||    35
Evoke: Wand              |       |       |     3 |    11 ||    14
  Use: Scroll            |       |     7 |     7 |    12 ||    26
       Potion            |       |     2 |     3 |    12 ||    17
 Stab: Sleeping          |       |       |     5 |     6 ||    11
       Distracted        |       |       |     1 |       ||     1
       Confused          |       |       |     2 |    25 ||    27
  Eat: Chunk             |     1 |     6 |     3 |     1 ||    11
       Meat ration       |       |     1 |     2 |     3 ||     6
       Bread ration      |       |       |     1 |     1 ||     2
       Fruit             |       |       |     3 |     4 ||     7
       Royal jelly       |       |       |       |     5 ||     5
Armor: Skin              |    34 |    57 |   153 |   180 ||   424
Dodge: Dodged            |    42 |   108 |   186 |   356 ||   692
Block: Shield            |    51 |   114 |   244 |   480 ||   889
       Rpst.: Long sword |    11 |    34 |    61 |    78 ||   184
       Scimitar          |       |       |       |     1 ||     1
       Demon blade       |       |       |       |    19 ||    19

Table legend:
 A = Spawn XP
 B = Non-spawn XP
 C = Spawn XP percentage of total XP
 D = Spawn monster count
 E = Non-spawn monster count
 F = Spawn count percentage of total count
 G = Total turns spent on level
                    A         B        C        D         E        F      G
               +---------+---------+-------+---------+---------+-------+---------
         Total |    3562 |   22431 |  13.7 |      49 |     211 |  18.8 | 17573
               +---------+---------+-------+---------+---------+-------+---------
           D:1 |      13 |      51 |  20.3 |       1 |      20 |   4.8 |   716
           D:2 |       3 |      44 |   6.4 |       3 |      11 |  21.4 |  1127
           D:3 |      63 |      55 |  53.4 |       6 |       8 |  42.9 |  1778
           D:4 |     226 |     520 |  30.3 |      12 |      16 |  42.9 |  1265
           D:5 |      43 |      63 |  40.6 |       1 |       6 |  14.3 |   618
           D:6 |      34 |     856 |   3.8 |       1 |       9 |  10.0 |  1364
           D:7 |       0 |     693 |   0.0 |       0 |      18 |   0.0 |   862
           D:8 |     623 |    2061 |  23.2 |       9 |      21 |  30.0 |  1728
           D:9 |    1372 |    1588 |  46.4 |       9 |      20 |  31.0 |  2297
          D:10 |     370 |    5097 |   6.8 |       4 |      27 |  12.9 |  2433
          D:11 |     304 |    3376 |   8.3 |       2 |      28 |   6.7 |  1213
          D:12 |     511 |    4619 |  10.0 |       1 |       9 |  10.0 |  1002
          D:13 |       0 |    2011 |   0.0 |       0 |      12 |   0.0 |   645
         Orc:1 |       0 |    1397 |   0.0 |       0 |       6 |   0.0 |   463
               +---------+---------+-------+---------+---------+-------+---------
